 Dungeon Crawl Stone Soup version 0.21.1-1-g345015f (webtiles) character file.

70 Exporg the Stinger (level 4, 0/30 HPs)
             Began as a Formicid Venom Mage on Feb 7, 2018.
             Was an Initiate of Nemelex Xobeh.
             Slain by a hobgoblin
             ... wielding a +0 club
              (4 damage)
             ... on level 3 of the Dungeon.
             The game lasted 00:07:24 (2792 turns).

Exporg the Stinger (Formicid Venom Mage)            Turns: 2792, Time: 00:07:24

Health: 0/30       AC:  5    Str: 17    XL:     4   Next: 44%
Magic:  6/8        EV: 12    Int: 15    God:    Nemelex Xobeh [......]
Gold:   112        SH:  0    Dex: 11    Spells: 2/8 levels left

rFire    . . .     SeeInvis +   v - +0 mace (holy)
rCold    . . .     Gourm    .   (no shield)
rNeg     . . .     Faith    .   a - +0 robe
rPois    .         Spirit   .   (helmet unavailable)
rElec    .         Reflect  .   (no cloak)
rCorr    .         Harm     .   o - +2 pair of gloves
MR       .....                  (no boots)
Stlth    ++........             (no amulet)
HPRegen  0.10/turn              l - +4 ring of strength
MPRegen  0.11/turn              (no ring)

@: lethally poisoned (0 -> -2)
A: permanent stasis, dig shafts and tunnels, four strong arms, antennae 3
a: Dig, Shaft Self, Renounce Religion


You were on level 3 of the Dungeon.
You worshipped Nemelex Xobeh.
Nemelex Xobeh was noncommittal.
You were hungry.

You visited 1 branch of the dungeon, and saw 3 of its levels.

You collected 112 gold pieces.

Inventory:

Hand Weapons
 h - a +0 club
 q - a +2 whip of freezing
 r - a +0 flail
 v - a +0 mace of holy wrath (weapon)
Armour
 a - a +0 robe (worn)
 o - a +2 pair of gloves (worn)
Jewellery
 l - a +4 ring of strength (left hand)
Scrolls
 f - 2 scrolls of enchant armour
 g - a scroll of fear {unknown}
 i - 4 scrolls of teleportation
 k - 5 scrolls of identify
Potions
 d - 3 potions of resistance {unknown}
 e - 3 potions of lignification {unknown}
 j - 2 potions of mutation {unknown}
 n - a potion of ambrosia {unknown}
 p - 2 potions of flight {unknown}
 s - a potion of agility {unknown}
 u - 2 potions of heal wounds {unknown}
Books
 b - a Young Poisoner's Handbook

   Spells                             Type                      Level
   a - Sting                          Conjuration/Poison           1
   b - Poisonous Vapours              Poison/Air                   2
   c - Mephitic Cloud                 Conjuration/Poison/Air       3
   d - Olgreb's Toxic Radiance        Poison                       4
   e - Venom Bolt                     Conjuration/Poison           5
Miscellaneous
 m - a plain deck of destruction
Comestibles
 c - 4 rations
 t - 2 chunks of flesh


   Skills:
 + Level 0.4 Maces & Flails
 + Level 2.0 Dodging
 + Level 2.7 Stealth
 + Level 0.1 Unarmed Combat
 * Level 2.8 Spellcasting
 + Level 1.0 Conjurations
 + Level 0.1 Air Magic
 * Level 5.5 Poison Magic


You had 2 spell levels left.
You knew the following spells:

 Your Spells              Type           Power        Failure   Level  Hunger
a - Sting                 Conj/Pois      ##..         5%          1    #......
b - Poisonous Vapours     Pois/Air       ##....       10%         2    ##.....
c - Mephitic Cloud        Conj/Pois/Air  #.......     24%         3    ###....


Dungeon Overview and Level Annotations

Branches:
Dungeon (3/15)

Altars:
Nemelex Xobeh
Uskayaw


Innate Abilities, Weirdness & Mutations

You cannot be hasted, slowed, berserked, paralysed or teleported.
You can dig through walls and to a lower floor.
Your four strong arms can wield two-handed weapons with a shield.
You have a pair of large antennae on your head. (SInv)


Message History

The adder bites you but does no damage. The adder bites you.
* * * LOW HITPOINT WARNING * * *
The hobgoblin barely misses you.
You sock the adder!
You kill the adder!
Your Dodging skill increases to level 2!
The hobgoblin hits you with a club.
* * * LOW HITPOINT WARNING * * *
The hobgoblin closely misses you.
You see here an adder corpse.
You completely miss the hobgoblin.
You feel sick.
The hobgoblin hits you but does no damage.
You hit the hobgoblin.
The hobgoblin is almost dead.
The hobgoblin barely misses you.
You closely miss the hobgoblin.
The hobgoblin is almost dead.
The hobgoblin hits you with a club.
You die...
Your body disappears without a glow.

.#####.#.###.#.##.
.................
.................
##.##..##...##.#.
#.##..##...# {
#.##.......#
#.##...#...#
#.##...#...####..
#..%.@...........
...........g.....##.#..
.....##..#.......# #
.........#..........
.....##..#......###.#
.... #..#....#.# # . .
#..#....#.# ........#.#


You could see a hobgoblin.

Vanquished Creatures
  An adder (D:3)
  A worm (D:2)
  2 leopard geckos
  An orc (D:3)
  A ball python (D:1)
  4 giant cockroaches
  8 goblins
  9 hobgoblins
  2 jackals (D:3)
  A quokka (D:3)
  10 bats
  2 frilled lizards
  4 kobolds
  5 rats
51 creatures vanquished.

Notes
Turn   | Place    | Note
-------+----------+-------------------------------------------
     0 | D:1      | Exporg the Formicid Venom Mage began the quest for the Orb.
     0 | D:1      | Reached XP level 1. HP: 13/13 MP: 3/3
   336 | D:1      | Reached XP level 2. HP: 19/19 MP: 0/5
   340 | D:1      | Learned a level 2 spell: Poisonous Vapours
   520 | D:1      | Reached skill level 5 in Poison Magic
   780 | D:1      | Reached XP level 3. HP: 24/24 MP: 0/6
   839 | D:1      | Learned a level 3 spell: Mephitic Cloud
  1445 | D:2      | Noticed a hand axe
  1446 | D:2      | Found a hide-covered altar of Uskayaw.
  1446 | D:2      | Noticed a dagger
  2200 | D:2      | Found a sparkling altar of Nemelex Xobeh.
  2214 | D:2      | Became a worshipper of Nemelex Xobeh the Trickster
  2286 | D:2      | Received a gift from Nemelex Xobeh
  2538 | D:3      | Reached skill level 1 in Conjurations
  2622 | D:3      | Reached XP level 4. HP: 27/30 MP: 7/7
  2792 | D:3      | Slain by a hobgoblin

Skill      XL: |  1  2  3  4 |
---------------+-------------+-----
Poison Magic   | 5 |  5.5
Conjurations   | 1 |  1.0
Dodging        | 2 |  2.0
Maces & Flails | |  0.4
Stealth        | |  2.7
Unarmed Combat | |  0.1
Spellcasting   | |  2.8
Air Magic      | |  0.1

Action                   |  1- 3 |  4- 6 || total
-------------------------+-------+-------++-------
Melee: Unarmed           |     9 |       ||     9
       Club              |    29 |       ||    29
       Whip              |    18 |     8 ||    26
       Mace              |       |    15 ||    15
 Cast: Sting             |    40 |     5 ||    45
       Poisonous Vapours |    16 |     5 ||    21
  Use: Scroll            |     5 |       ||     5
 Stab: Sleeping          |     1 |       ||     1
  Eat: Chunk             |     3 |     1 ||     4
       Ration            |     1 |       ||     1
Armor: Robe              |    23 |    16 ||    39
Dodge: Dodged            |    33 |    26 ||    59
